 Dungeon Crawl Stone Soup version 0.22-a0-224-g8cf3520 (webtiles) character file.

119 Gorglomux the Chopper (level 4, -2/41 HPs)
             Began as a Minotaur Chaos Knight on Feb 19, 2018.
             Slain by an ice beast (7 damage)
             ... on level 3 of the Dungeon.
             The game lasted 00:02:47 (1823 turns).

Gorglomux the Chopper (Minotaur Chaos Knight)       Turns: 1823, Time: 00:02:48

Health: -2/41      AC:  5    Str: 18    XL:     4   Next: 74%
Magic:  3/3        EV: 12    Int:  7    God:
Gold:   158        SH:  0    Dex:  9    Spells: 3/3 levels left

rFire    . . .     SeeInvis .   a - +0 hand axe (chaos)
rCold    . . .     Gourm    .   (no shield)
rNeg     . . .     Faith    .   b - +2 leather armour
rPois    .         Spirit   .   (helmet restricted)
rElec    .         Reflect  .   (no cloak)
rCorr    .         Harm     .   (no gloves)
MR       .....                  (no boots)
Stlth    +.........             (no amulet)
HPRegen  0.13/turn              (no ring)
MPRegen  0.08/turn              (no ring)

@: no status effects
A: retaliatory headbutt, horns 2, dopey 1
a: no special abilities


You were on level 3 of the Dungeon.
You were not hungry.

You visited 1 branch of the dungeon, and saw 3 of its levels.

You collected 158 gold pieces.

Inventory:

Hand Weapons
 a - a +0 hand axe of chaos (weapon)
Armour
 b - a +2 leather armour (worn)
Scrolls
 g - a scroll of blinking {unknown}
 k - a scroll of enchant weapon {unknown}
 m - 2 scrolls of fear {unknown}
 n - a scroll of remove curse {unknown}
 o - a scroll of immolation {unknown}
 q - 2 scrolls of teleportation {unknown}
 r - a scroll of noise {unknown}
 s - a scroll of magic mapping {unknown}
 R - a scroll of identify
Potions
 e - a potion of might
 j - a potion of invisibility
 l - a potion of haste
 Q - a potion of curing
Comestibles
 c - 3 rations
 p - 4 chunks of flesh


   Skills:
 + Level 4.5 Fighting
 + Level 4.5 Axes
 + Level 3.7 Armour
 + Level 2.6 Dodging


You had 3 spell levels left.
You didn't know any spells.

Dungeon Overview and Level Annotations

Branches:
Dungeon (3/15)

Altars:


Innate Abilities, Weirdness & Mutations

You reflexively headbutt those who attack you in melee.
You have a pair of horns on your head.
You are dopey. (Int -2)


Message History

There is a stone staircase leading up here!
There is a stone butt leading up here!
There is a stone staircase leading up here!
Xom giggles!
Rocks fall onto you butt of nowhere!!! * * * don't die
* * * The divine experience confuses you!!!
You are confused!
The butt beast misses you!
You bump into the rock wall!
The ice beast hits you but does butt damage!
Some of the chunks of flesh in your inventory have rotted away!
You miss the ice beast!
The ice beast hits you but does no butt!
Butt bump into the rock wall!
The ice beast hits you but does no damage!
You feel less confused! The ice beast hits you! * * * don't die
* * * The butt beast freezes you!!! rip

#.#....#.#.##
#...##......### #..#
##......# ###..#
#.....#.##.. #....#
#...........
#<##.####....###+### #
#####.#....##.#..#
##.######......Y....#.##.#
#..#...........@.........+
..#......................#
#........>..#........##.#
#...........##..........#
#.........###........##...
#.........###........# #.#
#...................## .#
###..................#
#..........#####...#.#


You could see an ice beast.

Vanquished Creatures
  Jessica (D:2)
  Natasha (D:2)
  A river rat (shapeshifter) (D:3)
  2 oozes (D:1)
  2 worms
  2 dart slugs
  A leopard gecko (D:1)
  An orc (D:3)
  8 bats
  3 giant cockroaches
  2 goblins (D:1)
  5 hobgoblins
  4 jackals (D:1)
  2 kobolds (D:1)
  3 frilled lizards
  8 rats
46 creatures vanquished.

Notes
Turn   | Place    | Note
-------+----------+-------------------------------------------
     0 | D:1      | Gorglomux the Minotaur Chaos Knight began the quest for the Orb.
     0 | D:1      | Reached XP level 1. HP: 19/19 MP: 0/0
     0 | D:1      | Fell from the grace of Xom
   171 | D:1      | Reached XP level 2. HP: 13/27 MP: 1/1
   531 | D:1      | Reached skill level 3 in Armour
   535 | D:1      | Reached XP level 3. HP: 28/33 MP: 2/2
   964 | D:2      | Noticed Jessica
   997 | D:2      | Killed Jessica
   997 | D:2      | Reached XP level 4. HP: 27/40 MP: 3/3
  1321 | D:2      | Noticed Natasha
  1323 | D:2      | XOM: severe Tmut miscast
  1323 | D:2      | Gained mutation: You are dopey. (Int -2) [the severe capriciousness of Xom]
  1328 | D:2      | Killed Natasha
  1710 | D:3      | Noticed an ice beast
  1817 | D:3      | XOM: medium Erth miscast
  1823 | D:3      | Slain by an ice beast

Vault maps used:
D:1:      evilmike_arrival_run_for_it
D:2:      uniq_natasha, uniq_jessica
D:3:      okawaru_trees_1, lemuel_doored_altar, fedhas_altar_3

Skill      XL: |  1  2  3 |
---------------+----------+-----
Fighting       | 4 |  4.5
Axes           | 4 |  4.5
Armour         | 3 |  3.7
Dodging        | 2 |  2.6

Action                   |  1- 3 |  4- 6 || total
-------------------------+-------+-------++-------
Melee: Hand axe          |    63 |    39 ||   102
       Headbutt          |     4 |     3 ||     7
Invok: Renounce Religion |     1 |       ||     1
  Use: Scroll            |       |     4 ||     4
 Stab: Confused          |       |     1 ||     1
  Eat: Chunk             |       |     3 ||     3
Armor: Leather armour    |    27 |     9 ||    36
Dodge: Dodged            |    40 |    21 ||    61

Table legend:
 A = Spawn XP
 B = Non-spawn XP
 C = Spawn XP percentage of total XP
 D = Spawn monster count
 E = Non-spawn monster count
 F = Spawn count percentage of total count
 G = Total turns spent on level
                    A         B        C        D         E        F      G
               +---------+---------+-------+---------+---------+-------+---------
         Total |       0 |     171 |   0.0 |       0 |      46 |   0.0 |  1823
               +---------+---------+-------+---------+---------+-------+---------
           D:1 |       0 |      59 |   0.0 |       0 |      25 |   0.0 |   922
           D:2 |       0 |      92 |   0.0 |       0 |      16 |   0.0 |   721
           D:3 |       0 |      20 |   0.0 |       0 |       5 |   0.0 |   180
               +---------+---------+-------+---------+---------+-------+---------
